 Dungeon Crawl Stone Soup version 0.20-a0-263-g81abdfb (webtiles) character file.

2346 Lochraine the Geomancer (level 9, 0/54 HPs)
             Began as a Gargoyle Earth Elementalist on Dec 4, 2016.
             Was a Follower of Vehumet.
             Slain by an orc knight
             ... wielding a +0 battleaxe
              (9 damage)
             ... in a bailey.
             The game lasted 00:20:12 (7085 turns).

Lochraine the Geomancer (GrEE)                      Turns: 7085, Time: 00:20:13

Health: 0/54       AC: 16    Str: 12 (13) XL:     9   Next: 43%
Magic:  4/16       EV: 14    Int: 25 (28) God:    Vehumet [*.....]
Gold:   154        SH:  0    Dex: 12 (15) Spells: 7/18 levels left

rFire  x . .     SeeInvis .     G - +1 spear (freeze)
rCold  + + .     Gourm    .     M - +0 ice dragon scales
rNeg   + . .     Faith    .     (no shield)
rPois  ∞         Spirit   .     (no helmet)
rElec  +         Reflect  .     (no cloak)
rCorr  .         Harm     .     (no gloves)
MR     +....                    (no boots)
Stlth  +.........               (no amulet)
                                K - ring of protection from magic
                                o - +5 ring of intelligence

@: brilliant, agile, very slightly contaminated
A: negative energy resistance 1, electricity resistance, unbreathing,
petrification resistance, rot immunity, AC +5
a: Renounce Religion


You were in a bailey.
You worshipped Vehumet.
Vehumet was aware of your devotion.
You were not hungry.

You visited 2 branches of the dungeon, and saw 8 of its levels.
You also visited: Bailey.

You collected 404 gold pieces.
You spent 250 gold pieces at shops.

Inventory:

Hand Weapons
 a - a +0 hand axe
 f - a +0 hunting sling
 y - a +0 flail
 G - a +1 spear of freezing (weapon)
Missiles
 b - 136 stones (quivered)
 w - a throwing net
Armour
 c - a +0 robe
 n - a +0 ring mail
 M - +0 ice dragon scales (worn)
 P - a -1 scale mail
Jewellery
 o - a +5 ring of intelligence (left hand)
 x - an uncursed ring of flight
 K - a ring of protection from magic (right hand)
 N - an uncursed ring of fire
Scrolls
 g - a scroll of random uselessness {unknown}
 h - a scroll of enchant armour {unknown}
 k - 2 scrolls of remove curse
 m - 2 scrolls of fog {unknown}
 t - 3 scrolls of recharging {unknown}
 u - 9 scrolls of teleportation
 B - 4 scrolls of immolation {unknown}
 H - a scroll of amnesia {unknown}
 L - a scroll of blinking {unknown}
 O - 2 scrolls of identify
Potions
 i - a potion of flight
 j - a potion of lignification
 v - 4 potions of curing
 z - a potion of cure mutation
 Q - a potion of mutation {unknown}
Books
 e - a book of Geomancy

   Spells                             Type                      Level
   a - Sandblast                      Earth                        1
   b - Passwall                       Transmutation/Earth          2
   c - Stone Arrow                    Conjuration/Earth            3
   d - Petrify                        Transmutation/Earth          4
   e - Lee's Rapid Deconstruction     Earth                        5
Comestibles
 d - 3 bread rations
 p - 4 fruits
 q - 6 beef jerkies
 s - a slice of pizza
 E - 3 meat rations
 I - a royal jelly
 J - a chunk of flesh


   Skills:
 + Level 5.1 Fighting
 + Level 4.9 Armour
 - Level 1.5 Dodging
 - Level 2.1 Stealth
 - Level 5.2 Spellcasting
 - Level 5.1 Conjurations
 - Level 0.7 Transmutations
 + Level 9.4 Earth Magic


You had 7 spell levels left.
You knew the following spells:

 Your Spells              Type           Power        Failure   Level  Hunger
a - Sandblast             Erth           ######       1%          1    None
b - Stone Arrow           Conj/Erth      ######       1%          3    #......
c - Passwall              Tmut/Erth      #####.....   1%          2    None
d - Lee's Rapid Deconstr  Erth           ######....   4%          5    #####..


Dungeon Overview and Level Annotations

Branches:
Dungeon (7/15)             Temple (1/1) D:4

Altars:
Ashenzari
Cheibriados
Dithmenos
Elyvilon
Fedhas
Gozag
Hepliaklqana
Kikubaaqudgha
Makhleb
Nemelex Xobeh
Okawaru
Qazlal
Ru
Sif Muna
Trog
Uskayaw
Vehumet
Xom
Yredelemnul
Zin
The Shining One

Shops:
D:4 (?   D:6 *


Innate Abilities, Weirdness & Mutations

You are resistant to torment.
Your stone body is resilient. (AC +5)
You are immune to poison.
You resist negative energy. (rN+)
You are resistant to electric shocks. (rElec)
You can survive without breathing.
You are immune to petrification.
You are immune to rotting.


Message History

The orc knight is almost dead.
The orc knight hits you but does no damage.
The goblin hits you but does no damage. x2
The hobgoblin hits you but does no damage.
You hit the orc knight but do no damage.
The orc knight is almost dead.
The orc knight hits you with a battleaxe.
The goblin hits you but does no damage. x2
The hobgoblin hits you but does no damage.
You hit the orc knight but do no damage.
The orc knight is almost dead.
You feel less wooden.
Your +0 ice dragon scales unmelds from your body.
The orc knight hits you with a battleaxe!!
* * * LOW HITPOINT WARNING * * *
The hobgoblin closely misses you. The goblin closely misses you.
The goblin hits you with a hand axe.
* * * LOW HITPOINT WARNING * * *
The orc knight hits you with a battleaxe!
You die...

#≈≈≈≈≈### #≈≈≈≈≈≈.#
######.≈≈≈≈≈.#
#......≈≈≈≈≈.#++####
###......≈≈≈≈≈.#.....#
#..............'.....#
#∩..∩........ggg..⌠..#
#..............og....#
###......≈≈≈≈≈@#.....#
#......≈≈≈≈≈.# +####
######.≈≈≈≈≈.#
#≈≈≈≈≈≈.# #≈≈≈≈≈###
#≈≈≈≈≈# #≈≈≈≈≈#
#≈≈≈≈≈# #≈≈≈≈≈#


You could see an orc knight, 2 hobgoblins and 2 goblins.

Vanquished Creatures
  Prince Ribbit (D:5)
  A hippogriff (D:7)
  Menkaure (D:4)
  An orc warrior (D:7)
  An ogre (D:4)
  2 phantoms
  The ghost of Lochraine the Ruffian, an amateur DrTm (D:3)
  A centaur (D:6)
  2 bullfrogs
  3 scorpions
  A howler monkey (D:6)
  A bullfrog zombie (D:4)
  5 crimson imps
  A centaur zombie (D:6)
  An orc priest (D:3)
  6 hounds
  A jelly (D:6)
  A gnoll shaman (D:5)
  3 orc wizards
  An iguana (D:4)
  3 worker ants
  A howler monkey skeleton (D:7)
  9 gnolls
  9 adders
  A shadow imp (D:5)
  2 oozes (D:1)
  3 worms
  3 dart slugs
  2 leopard geckos
  31 orcs
  3 ball pythons
  10 bats
  7 giant cockroaches
  5 goblins
  5 hobgoblins
  3 jackals (D:6)
  2 quokkas
  6 frilled lizards
  9 kobolds
  2 leopard gecko skeletons (D:4)
  3 quokka skeletons
  A quokka zombie (D:6)
  7 rats
162 creatures vanquished.

Notes
Turn   | Place    | Note
-------+----------+-------------------------------------------
     0 | D:1      | Lochraine the Gargoyle Earth Elementalist began the quest for the Orb.
     0 | D:1      | Reached XP level 1. HP: 10/10 MP: 3/3
   548 | D:1      | Reached skill level 4 in Earth Magic
   548 | D:1      | Reached XP level 2. HP: 15/15 MP: 1/5
   906 | D:1      | Reached XP level 3. HP: 15/19 MP: 4/7
   965 | D:1      | Learned a level 2 spell: Passwall
  1241 | D:2      | Learned a level 3 spell: Stone Arrow
  1437 | D:2      | Reached XP level 4. HP: 21/24 MP: 8/8
  1918 | D:3      | Noticed Lochraine's ghost (amateur DrTm)
  1941 | D:3      | Killed Lochraine's ghost
  1941 | D:3      | Reached skill level 1 in Conjurations
  1941 | D:3      | Reached skill level 5 in Earth Magic
  1941 | D:3      | Reached XP level 5. HP: 10/28 MP: 0/10
  2613 | D:3      | Reached XP level 6. HP: 32/32 MP: 11/11
  3110 | D:3      | Found a shimmering altar of Xom.
  3115 | D:3      | Reached skill level 6 in Earth Magic
  3268 | D:3      | Reached XP level 7. HP: 33/36 MP: 10/13
  4181 | D:4      | Reached skill level 5 in Spellcasting
  4270 | D:4      | Found Raogh's Magic Scroll Emporium.
  4278 | D:4      | Bought a scroll of teleportation for 33 gold pieces
  4278 | D:4      | Bought a scroll of teleportation for 33 gold pieces
  4278 | D:4      | Bought a scroll of magic mapping for 38 gold pieces
  4278 | D:4      | Bought a scroll of teleportation for 33 gold pieces
  4278 | D:4      | Bought a scroll of identify for 22 gold pieces
  4278 | D:4      | Bought a scroll of teleportation for 33 gold pieces
  4284 | D:4      | Found Cetaef's Antique Weapon Emporium.
  4304 | D:4      | Noticed Menkaure
  4315 | D:4      | Killed Menkaure
  4315 | D:4      | Reached skill level 7 in Earth Magic
  4315 | D:4      | Reached XP level 8. HP: 33/41 MP: 5/15
  4445 | D:4      | Found a staircase to the Ecumenical Temple.
  4482 | Temple   | Entered the Ecumenical Temple
  4719 | Temple   | Became a worshipper of Vehumet
  4784 | D:4      | Reached skill level 5 in Conjurations
  4960 | D:5      | Entered Level 5 of the Dungeon
  5001 | D:5      | Reached skill level 1 in Fighting
  5119 | D:5      | Reached skill level 1 in Armour
  5220 | D:5      | Noticed Prince Ribbit
  5236 | D:5      | Killed Prince Ribbit
  5236 | D:5      | Reached skill level 8 in Earth Magic
  5693 | D:5      | Found a blossoming altar of Fedhas.
  5751 | D:5      | Learned a level 5 spell: Lee's Rapid Deconstruction
  6156 | D:6      | Reached * piety under Vehumet
  6156 | D:6      | Offered knowledge of Magic Dart by Vehumet.
  6184 | D:6      | Reached XP level 9. HP: 40/52 MP: 9/16
  6224 | D:6      | Reached skill level 9 in Earth Magic
  6225 | D:6      | Found Geluzav's Assorted Antiques.
  6298 | D:6      | Bought a scroll labeled ULAWAO CEFRYF for 31 gold pieces
  6298 | D:6      | Bought a pink potion for 27 gold pieces
  6902 | D:7      | Found a shattered altar of Ashenzari.
  6912 | D:7      | Reached skill level 5 in Fighting
  6961 | D:7      | Found a flagged portal.
  6974 | Bailey   | Entered a bailey
  7049 | Bailey   | Noticed an orc knight
  7085 | Bailey   | Slain by an orc knight

Vault maps used:
D:1:      lemuel_arrival_cross
D:3:      led_xom_imps
D:4:      first_bread, serial_shops, shop_scrolls, shop_statue, uniq_menkaure
D:5:      fedhas_altar_3, uniq_prince_ribbit1
D:6:      serial_shops, shop
D:7:      minmay_blocky_corners, serial_corexii_hall, corexii_hall_statues_i,
          corexii_hall_statues_i, corexii_hall_statues_i,
          corexii_hall_statues_i, corexii_hall_statues_l,
          corexii_hall_statues_x, enter_bailey_2, basic_altar
Temple:   nicolae_temple_the_god_donut
Bailey:   bailey_axe_of_yendor_kennysheep, bailey

Skill      XL: |  1  2  3  4  5  6  7  8  9 |
---------------+----------------------------+-----
Earth Magic    | 4 5 6 7 8 9 |  9.4
Spellcasting   | 3 4 5 |  5.2
Conjurations   | 1 2 3 4 5 |  5.1
Fighting       | 3 5 |  5.1
Armour         | 3 4 |  4.9
Dodging        | |  1.5
Stealth        | |  2.1
Transmutations | |  0.7

Action                   |  1- 3 |  4- 6 |  7- 9 || total
-------------------------+-------+-------+-------++-------
Melee: Hand axe          |   129 |   193 |       ||   322
       Flail             |       |    33 |   114 ||   147
       Spear             |       |       |   281 ||   281
 Cast: Sandblast         |    11 |    36 |    64 ||   111
       Stone Arrow       |       |     1 |    45 ||    46
  Use: Scroll            |       |       |     5 ||     5
       Potion            |       |       |    10 ||    10
  Eat: Chunk             |     2 |     6 |    15 ||    23
Armor: Robe              |    39 |       |       ||    39
       Ring mail         |    48 |   152 |   150 ||   350
       Ice dragon scales |       |       |    63 ||    63
       Skin              |       |       |    60 ||    60
Dodge: Dodged            |   101 |   132 |   239 ||   472
